AoeStats
← nauj1117

Migration

506942789Analyzed
1v1 RM · 17d ago on Sep 15, 2026· 50m 7s· 2 players
Game mode
Random Map
Map size
132×132
Population
200
Speed
Normal
Resources
Standard
Victory
Conquest
Starting age
Dark Age
Ending age
Imperial Age
RankedLock teamsTeams togetherTeam positionsShared explorationLock speedFull tech treeHidden civsTurbo modeCheats
Victory
Defeat
🇮🇹 Britons · Italy
734
+17
🇲🇽 Poles · Mexico
755
-17
~Giulia~
0:30 Loom
10:53 Feudal Age
11:21 Double-Bit Axe
11:59 Town Watch
17:23 Horse Collar
20:13 Castle Age
18:33 Fishing Lines
18:54 Fletching
19:02 Gold Mining
19:16 Stone Mining
20:46 Padded Archer Armor
22:16 Medium Warships
24:37 Wheelbarrow
24:02 Crossbowman
25:36 Gillnets
31:50 Imperial Age
29:43 Murder Holes
30:08 Ballistics
29:30 Treadmill Crane
30:03 Masonry
30:04 Careening
30:53 Clinker Construction
31:02 Bodkin Arrow
31:45 Bow Saw
32:26 Heated Shot
33:51 Chemistry
33:24 Yeomen
35:23 Heavy Warships
36:51 Hand Cart
36:59 Siege Engineers
39:28 Pikeman
41:58 Bracer
42:09 Forging
41:59 Scale Mail Armor
42:15 Leather Archer Armor
46:10 Warwolf
nauj1117
0:26 Loom
9:38 Feudal Age
10:04 Horse Collar
10:12 Double-Bit Axe
19:51 Castle Age
18:33 Stone Mining
19:17 Gold Mining
21:25 Padded Archer Armor
21:16 Fletching
21:37 Forging
26:01 Bow Saw
25:54 Heavy Plow
26:15 Demolition Ship
33:14 Pikeman
33:55 Squires
33:41 Arson
35:42 Husbandry
35:53 Bloodlines
37:16 Szlachta Privileges
50:48 Imperial Age
Connection lost

Rejoining the realm…

Still unreachable

The connection could not be restored.

Session expired

The server has moved on; the page needs a fresh start.